 Dungeon Crawl Stone Soup version 0.29.1-1-gd02db6906a (webtiles) character file.

Game seed: 9125812851429621008

751 RKaid the Skirmisher (level 7, -18/43 HPs)
             Began as a Deep Elf Hunter on Sept 15, 2022.
             Demolished by an ogre
             ... wielding a +0 giant club
              (26 damage)
             ... on level 5 of the Dungeon.
             The game lasted 00:13:59 (5330 turns).

RKaid the Skirmisher (Deep Elf Hunter)              Turns: 5330, Time: 00:13:59

Health: -18/43     AC: 14    Str:  8    XL:     7   Next: 49%
Magic:  9/9        EV: 13    Int: 20    God:
Gold:   175        SH:  0    Dex: 20    Spells: 6/6 levels left

rFire   . . .      SeeInvis .   a - +0 shortbow
rCold   . . .      Faith    .   (shield currently unavailable)
rNeg    . . .      Spirit   .   j - +2 ring mail {rPois}
rPois   +          Reflect  .   (no helmet)
rElec   .          Harm     .   r - +0 cloak
rCorr   .          Rampage  .   p - +0 pair of gloves
Will    .....                   s - +0 pair of boots
Stlth   +.........              (no amulet)
HPRegen 0.14/turn               n - +6 ring of intelligence
MPRegen 0.11/turn               (no ring)

@: no status effects
A: iridescent scales 2, high MP 1
a: no special abilities


You were on level 5 of the Dungeon.
You visited 1 branch of the dungeon, and saw 5 of its levels.

You collected 175 gold pieces.

Inventory:

Hand Weapons
 a - a +0 shortbow (weapon)
 l - a +1 whip of electrocution
   (You found it on level 2 of the Dungeon)
Armour
 e - a +0 leather armour
 j - a +2 ring mail of poison resistance (worn)
   (You took it off an orc priest on level 4 of the Dungeon)
 k - the +5 ring mail of Dogmatism {rC- MP+9 Str+4 Dex-5}
   (You found it on level 4 of the Dungeon)

   Str:       It affects your strength (+4).
   Dex:       It affects your dexterity (-5).
   rC:        It makes you vulnerable to cold.
   MP:        It affects your magic capacity (+9).
 p - a +0 pair of gloves (worn)
   (You found it on level 3 of the Dungeon)
 r - a +0 cloak (worn)
   (You found it on level 2 of the Dungeon)
 s - a +0 pair of boots (worn)
   (You found it on level 2 of the Dungeon)
Magical Staves
 q - a staff of death {rN+}
   (You found it on level 3 of the Dungeon)
Jewellery
 n - a +6 ring of intelligence (left hand)
   (You found it on level 2 of the Dungeon)
Scrolls
 b - 2 scrolls of immolation {!r}
 d - a scroll of fear {unknown}
 f - a scroll of fog
 i - a scroll of identify
Potions
 c - a potion of curing
 g - a potion of mutation {!q!q}
 h - a potion of lignification {!q}
 o - a potion of resistance {unknown}
 t - a potion of might {unknown}
 u - a potion of magic


   Skills:
 + Level 4.2 Fighting
 + Level 8.2 Ranged Weapons
 + Level 6.2 Dodging
 - Level 1.2 Stealth


You had 6 spell levels left.
You didn't know any spells.
Your spell library contained the following spells:

 Spells                   Type           Power      Damage    Failure   Level
 Ensorcelled Hibernation  Hex/Ice        0%         N/A       65%         2
 Passwall                 Tmut/Erth      0%         N/A       65%         2
 Spider Form              Tmut/Pois      0%         N/A       87%         3
 Swiftness                Air            0%         N/A       87%         3
 Anguish                  Hex/Necr       0%         N/A       99%         4
 Leda's Liquefaction      Hex/Erth       0%         N/A       99%         4
 Lee's Rapid Deconstruct  Erth           0%         3d5*      100%        5
 Statue Form              Tmut/Erth      0%         N/A       100%        6


Dungeon Overview and Level Annotations

Branches:
Dungeon (5/15)
 Temple: D:4-7

Altars:
Ashenzari
Gozag
Sif Muna
Xom

Shops:
D:4 *


Innate Abilities, Weirdness & Mutations

You are mostly covered in iridescent scales. (AC +4)
You have an increased reservoir of magic. (+10% MP)


Message History

You kill the adder!
The ufetubus hits you. The ufetubus barely misses you.
You shoot an arrow. The arrow hits the ufetubus!
You kill the ufetubus!
The quokka closely misses you.
You shoot an arrow. The arrow hits the quokka.
The quokka bites you but does no damage.
You shoot an arrow. The arrow barely misses the quokka.
The quokka bites you but does no damage.
The quokka barely misses you.
You shoot an arrow. The arrow misses the quokka.
The quokka misses you.
You shoot an arrow. The arrow hits the quokka.
You kill the quokka!
No target in view!
No target in view!
No target in view!
No target in view!
No target in view!
No target in view!
No target in view!
No target in view!
No target in view!
No target in view!
No target in view!
No target in view!
i - a scroll of identify An ogre comes into view.
It is wielding a +0 giant club.
There is an open door here.
The ogre shouts!
You shoot an arrow.
The arrow hits the ogre but does no damage.
You shoot an arrow.
The arrow hits the ogre but does no damage.
You shoot an arrow. The arrow closely misses the ogre.
You shoot an arrow. The arrow hits the ogre.
The ogre hits you with a +0 giant club!!
Ouch! That really hurt!
* * * LOW HITPOINT WARNING * * *
You are too injured to fight recklessly!
You are too injured to fight recklessly!
You are too injured to fight recklessly!
You are too injured to fight recklessly!
You are too injured to fight recklessly!
There is an open door here.
Okay, then.
You feel yourself speed up. The ogre hits you with a +0 giant club!
* * * LOW HITPOINT WARNING * * *
Fire: a) +0 shortbow
Press: ? - help, Q - select action Shift-Dir - straight line, f/p - ogre
Aim: an ogre, wielding a +0 giant club (80% to hit)
You shoot an arrow. The arrow hits the ogre.
Fire: a) +0 shortbow
Press: ? - help, Q - select action Shift-Dir - straight line, f/p - ogre
Aim: an ogre, wielding a +0 giant club (lightly wounded, 80% to hit)
You shoot an arrow.
The arrow hits the ogre but does no damage.
Fire: a) +0 shortbow
Press: ? - help, Q - select action Shift-Dir - straight line, f/p - ogre
Aim: an ogre, wielding a +0 giant club (lightly wounded, 80% to hit)
You shoot an arrow. The arrow hits the ogre.
Fire: a) +0 shortbow
Press: ? - help, Q - select action Shift-Dir - straight line, f/p - ogre
Aim: an ogre, wielding a +0 giant club (lightly wounded, 80% to hit)
You shoot an arrow. The arrow hits the ogre.
Fire: a) +0 shortbow
Press: ? - help, Q - select action Shift-Dir - straight line, f/p - ogre
Aim: an ogre, wielding a +0 giant club (moderately wounded, 80% to hit)
You shoot an arrow. The arrow hits the ogre.
You see here an adder corpse.
Fire: a) +0 shortbow
Press: ? - help, Q - select action Shift-Dir - straight line, f/p - ogre
Aim: an ogre, wielding a +0 giant club (moderately wounded, 80% to hit)
You shoot an arrow.
The arrow hits the ogre but does no damage.
Fire: a) +0 shortbow
Press: ? - help, Q - select action Shift-Dir - straight line, f/p - ogre
Aim: an ogre, wielding a +0 giant club (moderately wounded, 80% to hit)
You shoot an arrow. The arrow barely misses the ogre.
Fire: a) +0 shortbow
Press: ? - help, Q - select action Shift-Dir - straight line, f/p - ogre
Aim: an ogre, wielding a +0 giant club (moderately wounded, 80% to hit)
You shoot an arrow. The arrow hits the ogre!
Your extra speed is starting to run out.
Fire: a) +0 shortbow
Press: ? - help, Q - select action Shift-Dir - straight line, f/p - ogre
Aim: an ogre, wielding a +0 giant club (severely wounded, 80% to hit)
You shoot an arrow. The arrow hits the ogre.
You feel yourself slow down.
Fire: a) +0 shortbow
Press: ? - help, Q - select action Shift-Dir - straight line, f/p - ogre
Aim: an ogre, wielding a +0 giant club (severely wounded, 80% to hit)
You shoot an arrow. The arrow hits the ogre.
Fire: a) +0 shortbow
Press: ? - help, Q - select action Shift-Dir - straight line, f/p - ogre
Aim: an ogre, wielding a +0 giant club (almost dead, 80% to hit)
You shoot an arrow.
The arrow hits the ogre but does no damage.
The ogre hits you with a +0 giant club!!
Ouch! That really hurt!
You die...

##.....#########
##...#.........
#..>..#.########
###########.#
#.........#.#
#.#######.#.# #.#
#...#.#.# #.#
#.#.#.#.######## #.#
#O#.#.#.O@)....# #.#
#.#.#.########.# #.#
#.#.#.# #.# #.#
#.#.#.# #.# #.#
#.#O#.# #.#
#.###.#<#.########.#
#.....###!.......).#
#.##### ##########.#
### ###


You could see an ogre.

Vanquished Creatures
  A black bear (D:5)
  A centaur (D:5)
  A phantom (D:5)
  A scorpion (D:4)
  2 hounds (D:5)
  3 orc priests (D:4)
  Jessica (D:3)
  An orc wizard (D:4)
  5 gnolls
  10 adders
  A white imp (D:5)
  An ufetubus (D:5)
  A worm (D:3)
  A dart slug (D:5)
  10 orcs (D:4)
  9 ball pythons
  4 bats (D:1)
  7 endoplasms
  2 giant cockroaches
  8 goblins
  11 hobgoblins
  2 jackals (D:4)
  11 quokkas
  3 frilled lizards
  5 kobolds
  6 rats
108 creatures vanquished.

Notes
Turn   | Place    | Note
-------+----------+-------------------------------------------
     0 | D:1      | RKaid the Deep Elf Hunter began the quest for the Orb.
     0 | D:1      | Reached XP level 1. HP: 12/12 MP: 3/3
   187 | D:1      | Reached XP level 2. HP: 17/17 MP: 4/4
   411 | D:1      | Reached skill level 2 in Fighting
   411 | D:1      | Reached skill level 3 in Dodging
   529 | D:1      | Reached XP level 3. HP: 21/21 MP: 5/5
   583 | D:1      | Found a faded altar of an unknown god.
  1253 | D:2      | Reached skill level 6 in Ranged Weapons
  1410 | D:2      | Reached XP level 4. HP: 27/27 MP: 6/6
  2052 | D:3      | Noticed Jessica
  2053 | D:3      | Killed Jessica
  2054 | D:3      | Reached skill level 4 in Dodging
  2059 | D:3      | Found a shimmering blue altar of Sif Muna.
  2082 | D:3      | Found a shimmering altar of Xom.
  2526 | D:4      | Reached XP level 5. HP: 28/31 MP: 7/7
  2569 | D:4      | Found Gozag's Platinum Reserve.
  2572 | D:4      | Found an opulent altar of Gozag.
  2626 | D:4      | Reached skill level 3 in Fighting
  2714 | D:4      | Reached skill level 7 in Ranged Weapons
  2735 | D:4      | Gained mutation: You have an increased reservoir of magic.
                  | (+10% MP) [potion of mutation]
  2735 | D:4      | Gained mutation: You have hidden genetic potential. [potion
                  | of mutation]
  2740 | D:4      | HP: 8/32 [orc/+0 hand axe (1)]
  2743 | D:4      | HP: 3/32 [orc wizard/+0 dagger (4)]
  2745 | D:4      | HP: 1/32 [orc wizard/+0 dagger (1)]
  2747 | D:4      | Reached XP level 6. HP: 2/37 MP: 8/8
  2754 | D:4      | HP: 9/37 [adder (2)]
  3114 | D:4      | Reached skill level 5 in Dodging
  3486 | D:4      | Identified the +5 ring mail of Dogmatism {rC- MP+9 Str+4
                  | Dex-5}
  3829 | D:4      | Found a broken altar of Ashenzari.
  3847 | D:5      | Entered Level 5 of the Dungeon
  4170 | D:5      | Gained mutation: You are partially covered in iridescent
                  | scales. (AC +2) [hidden potential]
  4246 | D:5      | HP: 7/38 [ogre/+0 giant club (31)]
  4565 | D:5      | Reached XP level 7. HP: 24/42 MP: 9/9
  4876 | D:5      | Reached skill level 4 in Fighting
  5038 | D:5      | Reached skill level 8 in Ranged Weapons
  5038 | D:5      | Reached skill level 6 in Dodging
  5051 | D:5      | Gained mutation: You are mostly covered in iridescent
                  | scales. (AC +4) [hidden potential]
  5051 | D:5      | Lost mutation: You have hidden genetic potential. [hidden
                  | potential expressed]
  5284 | D:5      | HP: 3/43 [ogre/+0 giant club (9)]
  5330 | D:5      | Demolished by an ogre

Illustrated notes

Levels and vault maps discovered:
D:1:      tarquinn_simple_flora_water_f, layout_loops_corners,
          ebering_ecumenical_altar_rust, chequers_serial_rivers_marsh
D:2:      layout_rooms, chequers_hall_statues_y, kennysheep_generic_room_16
D:3:      layout_basic, tgw_sif, mainiacjoe_overflow_small_starburst,
          nicolae_figureground_sparkle
D:4:      layout_basic, mainiacjoe_overflow_alcove_1,
          nicolae_gozag_zags_fifth_avenue
D:5:      layout_basic, kennysheep_diamond

Skill      XL: |  1  2  3  4  5  6  7 |
---------------+----------------------+-----
Fighting       | 2 3 4 |  4.2
Dodging        | 3 4 5 6 |  6.2
Ranged Weapons | 6 7 8 |  8.2
Stealth        | |  1.2

Action                   |  1- 3 |  4- 6 |  7- 9 || total
-------------------------+-------+-------+-------++-------
Melee: Shortbow          |       |     2 |       ||     2
 Fire: Shortbow          |    94 |   183 |   108 ||   385
  Use: Potion            |       |     5 |     1 ||     6
       Scroll            |       |     7 |       ||     7
Armor: Leather armour    |    13 |    34 |       ||    47
       Ring mail         |       |    38 |    32 ||    70
Dodge: Dodged            |    11 |   103 |    59 ||   173

Table legend: (Time is in decaauts)
 A = Elapsed time spent in this place.
 B = Non-inter-level travel time spent in this place.
 C = Inter-level travel time spent in this place.
 D = Time resting spent in this place.
 E = Time spent auto-exploring this place.
 F = Levels seen in this place.
 G = Mean time per level.
                   A        B        C        D        E       F      G
               +--------+--------+--------+--------+--------+-----+--------+
         Total |   5402 |   5105 |    297 |   1565 |   2471 |   5 | 1080.4 |
       Dungeon |   5402 |   5105 |    297 |   1565 |   2471 |   5 | 1080.4 |
               +--------+--------+--------+--------+--------+-----+--------+

Top non-repeatable levels by time:
     D:4: 1798 daAuts
     D:1: 1109 daAuts
     D:5: 1047 daAuts
     D:2: 949 daAuts
     D:3: 497 daAuts

Table legend:
 A = Kills in this place as a percentage of kills in entire the game.
 B = Kills by you in this place as a percentage of kills by you in the entire game.
 C = Kills by friends in this place as a percentage of kills by friends in the entire game.
 D = Other kills in this place as a percentage of other kills in the entire game.
 E = Experience gained in this place as a percentage of experience gained in the entire game.
 F = Experience gained in this place divided by the number of levels of this place that you have seen.
                   A       B       C       D       E      F
               +-------+-------+-------+-------+-------+----------------------
         Total | 100.0 | 100.0 |   N/A |   N/A | 100.0 | 214.6
       Dungeon | 100.0 | 100.0 |   N/A |   N/A | 100.0 | 214.6
               +-------+-------+-------+-------+-------+----------------------
